 Dungeon Crawl Stone Soup version 0.22.1-1-ga44c0e56f4 (webtiles) character file.

66 Peloso the Covered (level 3, -3/33 HPs)
             Began as a Minotaur Fighter on Oct 30, 2018.
             Killed from afar by Sigmund (7 damage)
             ... with a puff of flame
             ... on level 2 of the Dungeon.
             The game lasted 00:02:04 (1159 turns).

Peloso the Covered (Minotaur Fighter)               Turns: 1159, Time: 00:02:05

Health: -3/33      AC:  8    Str: 25    XL:     3   Next: 96%
Magic:  2/2        EV:  7    Int:  5    God:
Gold:   54         SH: 10    Dex: 10    Spells: 2/2 levels left

rFire    . . .     SeeInvis .   a - +0 long sword
rCold    . . .     Gourm    .   c - +0 shield
rNeg     . . .     Faith    .   b - +0 scale mail
rPois    .         Spirit   .   (helmet restricted)
rElec    .         Reflect  .   (no cloak)
rCorr    .         Harm     .   (no gloves)
MR       .....                  i - +0 pair of boots
Stlth    ..........             (no amulet)
HPRegen  0.11/turn              (no ring)
MPRegen  0.08/turn              (no ring)

@: mighty
A: retaliatory headbutt, horns 2
a: no special abilities


You were on level 2 of the Dungeon.
You were hungry.

You visited 1 branch of the dungeon, and saw 2 of its levels.

You collected 54 gold pieces.

Inventory:

Hand Weapons
 a - a +0 long sword (weapon)
Armour
 b - a +0 scale mail (worn)
 c - a +0 shield (worn)
 i - a +0 pair of boots (worn)
Jewellery
 k - an uncursed ring of wizardry
Scrolls
 e - a scroll of identify
 g - a scroll of fear {unknown}
 h - a scroll of remove curse
Comestibles
 f - 3 rations


   Skills:
 + Level 4.1 Fighting
 + Level 3.4 Long Blades
 + Level 4.2 Armour
 + Level 0.1 Dodging
 + Level 0.7 Stealth
 + Level 4.0 Shields


You had 2 spell levels left.
You didn't know any spells.
Your spell library was empty.

Dungeon Overview and Level Annotations

Branches:
Dungeon (2/15)

Altars:

Annotations:
D:2 Sigmund


Innate Abilities, Weirdness & Mutations

You reflexively headbutt those who attack you in melee.
You have a pair of horns on your head.


Message History

Sigmund flickers and vanishes!
Deactivating autopickup; reactivate with Ctrl-A.
Something hits you. Something freezes you. Something hits you.
Something freezes you.
You miss something. Something hits you but does no damage.
You bump into the rock wall.
Something hits you! Something freezes you.
* * * LOW HITPOINT WARNING * * *
You bump into the rock wall.
You hear some strange, mumbled words.
A magic dart appears from out of thin air!
The magic dart hits you!
* * * LOW HITPOINT WARNING * * *
You bump into the rock wall.
Something hits you but does no damage.
You feel very mighty all of a sudden.
You feel less confused. Something hits you but does no damage.
You closely miss something.
You hear some strange, mumbled words.
A puff of flame appears from out of thin air!
The puff of flame hits you!
You die...

#...# ... ##.##...
.#####...##.####. #..))...
.......)......##.# #..##...
.......(......##.# #..#....
........((....##.###..#....
.#####...#g......#.......<.
#...#w##.##.#.###(.(..
#...#{##.##.#.#(......
#...#@##.....(†.......
#...#.#####.#.#.......
########.##.#####.#.###.....
###......#.##.......#.#
#...##
...####)...>..######.# #..##
####.#...............#..
....
#......#........####.###
..## . #.##.#.....#....# #.#
.##.##.####....#### #.#


You could see a dart slug and a goblin.

Vanquished Creatures
  A gnoll (D:1)
  2 adders (D:2)
  A worm (D:2)
  2 dart slugs (D:1)
  3 bats (D:1)
  A giant cockroach (D:2)
  7 goblins
  3 hobgoblins (D:1)
  5 kobolds
  A frilled lizard (D:1)
  4 rats (D:1)
30 creatures vanquished.

Notes
Turn   | Place    | Note
-------+----------+-------------------------------------------
     0 | D:1      | Peloso the Minotaur Fighter began the quest for the Orb.
     0 | D:1      | Reached XP level 1. HP: 19/19 MP: 0/0
   131 | D:1      | Reached XP level 2. HP: 5/27 MP: 1/1
   579 | D:1      | Reached XP level 3. HP: 29/33 MP: 2/2
  1141 | D:2      | Noticed Sigmund
  1159 | D:2      | Killed from afar by Sigmund

Skill      XL: |  1  2  3 |
---------------+----------+-----
Armour         | 4 |  4.2
Shields        | 4 |  4.0
Fighting       | 4 |  4.1
Long Blades    | 3 |  3.4
Dodging        | |  0.1
Stealth        | |  0.7

Action                   || total
-------------------------++-------
Melee: Long sword        ||    84
       Headbutt          ||     7
  Use: Scroll            ||     4
       Potion            ||     1
Armor: Scale mail        ||    50
Dodge: Dodged            ||    32
Block: Shield            ||    48
       Rpst.: Long sword ||    12
